Map: King's Cove LE

Players

OGZest (Zest)

  • Race: Protoss Protoss
  • Spawn Location: 11:00

TSGSolar (Solar) - Winner!

  • Race: Zerg Zerg
  • League: Diamond
  • Spawn Location: 5:00

Event: 2019 Assembly Summer

VOD

Have the link to the VOD?

Description

Time

  • Played on: Aug. 3, 2019, 11:04 a.m.
  • Length: 8:39

All games in this series

Show
View Real Time Build Order
Export as new Build Order

OGZest Protoss 

Build Orders: 1 Gate Expand, Oracle Opening, Phoenix Opening 

Get SALT Encoding   

  12  0:00  Probe  
  13  0:12  Probe  
  14  0:18  Pylon  
  14  0:24  Probe  
  15  0:32  Probe  
  15  0:38  Gateway  
  15  0:40  Probe  
  16  0:47  Assimilator  
  17  0:51  Probe  
  18  1:03  Probe  
  19  1:15  Probe  
  20  1:26  Nexus  
  20  1:37  Cybernetics Core  
  20  1:40  Probe  
  20  1:46  Assimilator  
  21  1:52  Probe  
  22  1:57  Pylon  
  22  2:04  Probe  
  22  2:05  Adept  
  25  2:17  Stargate  
  25  2:19  Probe  
  26  2:25  Warp Gate  
  26  2:31  Probe  
  26  2:34  Probe  
  26  2:35  Adept  
  29  2:42  Probe  
  29  2:43  Probe  
  32  2:52  Probe  
  32  2:53  Phoenix  
  32  2:55  Probe  
  34  3:05  Probe  
  37  3:06  Oracle  
  37  3:07  Probe  
  37  3:11  Pylon  
  38  3:17  Probe  
  43  3:20  Probe  
  43  3:28  Assimilator  
  43  3:29  Probe  
  43  3:30  Assimilator  
  43  3:32  Probe  
  45  3:36  Oracle  
  45  3:37  Gateway  
  45  3:41  Probe  
  45  3:44  Probe  
  50  3:53  Probe  
  51  3:56  Probe  
  51  4:01  Robotics Facility  
  52  4:06  Probe  
  52  4:08  Probe, Pylon  
  54  4:16  Oracle  
  54  4:23  Pylon  
  54  4:26  Probe x2  
  59  4:34  Pylon  
  59  4:35  Sentry  
  61  4:40  Gateway  
  61  4:41  Gateway  
  61  4:42  Warp Prism  
  61  4:45  Sentry  
  61  4:48  Pylon  
  65  4:57  Probe x2  
  65  4:59  Pylon  
  67  5:10  Immortal  
  67  5:12  Sentry  
  67  5:13  Sentry  
  75  5:33  Probe x2  
  75  5:35  Zealot x2  
  81  5:45  Probe x2  
  81  5:48  Nexus  
  81  5:49  Immortal  
  83  5:51  Pylon  
  87  6:07  Pylon  
  87  6:08  Twilight Council  
  87  6:10  Forge  
  87  6:11  Probe x2  
  89  6:20  Immortal  
  89  6:23  Probe x2  
  92  6:35  Probe x2  
  94  6:47  Probe x2  
  94  6:52  Observer  
  96  6:56  Stalker x4  
  105  7:01  Photon Cannon  
  105  7:04  Photon Cannon  
  105  7:08  Gateway  
  105  7:10  Gateway  
  105  7:13  Gateway  
  102  7:24  Gateway  
  102  7:25  Observer  
  102  7:26  Stalker x2  
  102  7:27  Stalker x2  
  110  7:30  Photon Cannon  
  111  7:48  Probe  
  111  7:50  Probe x2  
  111  7:51  Stalker x4  
Show
View Real Time Build Order
Export as new Build Order

TSGSolar Zerg - Winner!

Build Orders: Hatch First 

Get SALT Encoding   

  12  0:01  Drone  
  13  0:12  Overlord  
  13  0:18  Drone  
  14  0:31  Drone x2  
  16  0:49  Hatchery  
  15  0:52  Drone  
  15  0:56  Drone  
  17  0:59  Drone  
  18  1:10  Extractor  
  17  1:16  Spawning Pool  
  16  1:18  Drone  
  16  1:22  Drone  
  18  1:28  Drone  
  19  1:41  Drone  
  20  1:51  Hatchery  
  19  1:56  Drone  
  20  2:05  Queen  
  22  2:08  Drone  
  22  2:12  Drone  
  24  2:18  Metabolic Boost  
  24  2:23  Drone  
  24  2:27  Overlord  
  25  2:36  Queen  
  27  2:38  Zergling x2  
  28  2:46  Zergling x2  
  28  2:47  Drone  
  28  2:48  Drone  
  31  2:51  Queen  
  31  2:55  Drone  
  31  2:57  Drone  
  35  3:00  Drone  
  36  3:06  Queen  
  36  3:10  Overlord  
  38  3:13  Zergling x2  
  38  3:15  Drone  
  41  3:20  Zergling x4  
  41  3:24  Overlord  
  42  3:30  Drone x3  
  45  3:36  Queen  
  45  3:37  Drone  
  48  3:42  Overlord  
  48  3:43  Drone  
  48  3:46  Spore Crawler  
  48  3:48  Drone  
  49  3:50  Spore Crawler  
  49  3:52  Drone  
  50  3:55  Drone  
  50  3:59  Overlord  
  50  4:01  Drone x2  
  52  4:07  Drone x2  
  52  4:09  Drone  
  55  4:12  Drone x3  
  55  4:13  Drone  
  55  4:17  Overlord  
  58  4:21  Spore Crawler  
  57  4:27  Drone  
  57  4:29  Overlord  
  57  4:31  Overlord  
  58  4:35  Drone  
  58  4:36  Drone x3  
  58  4:37  Lair  
  62  4:43  Zergling x8  
  65  4:48  Spore Crawler, Drone, Extractor  
  65  4:51  Overlord  
  64  4:53  Drone  
  64  4:56  Roach Warren  
  64  4:57  Drone  
  64  4:58  Drone, Extractor  
  65  5:01  Drone x2  
  65  5:03  Extractor  
  65  5:04  Drone  
  67  5:09  Drone x2  
  67  5:11  Overlord  
  67  5:13  Drone  
  71  5:14  Drone  
  71  5:20  Drone  
  71  5:21  Drone x2  
  73  5:23  Drone  
  73  5:25  Drone x2  
  75  5:29  Drone  
  75  5:34  Overlord  
  76  5:36  Roach x2  
  76  5:37  Roach  
  76  5:39  Zergling x8, Extractor  
  85  5:44  Overlord  
  85  5:45  Overseer  
  85  5:46  Glial Reconstitution  
  85  5:48  Drone  
  85  5:49  Drone  
  87  5:50  Drone  
  87  5:55  Zergling x4  
  88  5:57  Drone  
  88  5:59  Drone  
  88  6:01  Drone  
  90  6:04  Overlord  
  90  6:11  Drone x3  
  92  6:13  Roach  
  92  6:14  Roach x3  
  92  6:16  Overlord  
  92  6:17  Overseer  
  100  6:23  Overlord  
  100  6:25  Overlord  
  100  6:28  Evolution Chamber  
  97  6:35  Drone x2  
  97  6:37  Roach, Overlord  
  97  6:38  Roach  
  100  6:40  Drone x3  
  101  6:49  Drone  
  101  6:50  Drone  
  100  6:55  Drone x4  
  100  6:56  Extractor  
  100  6:59  Overlord  
  102  7:02  Overlord  
  102  7:07  Drone x2  
  104  7:09  Roach x2  
  104  7:10  Roach  
  104  7:11  Overlord  
  110  7:16  Zergling x8  
  110  7:18  Overseer  
  110  7:20  Roach x3  
  120  7:24  Roach  
  120  7:25  Roach  
  120  7:29  Ravager  
  128  7:30  Ravager x9  
  128  7:32  Zergling x4  
  128  7:36  Overlord  
  135  7:38  Roach x3  
  135  7:41  Roach  
  143  7:48  Infestation Pit  
  143  7:49  Zergling x12  
  148  7:54  Zergling x6  
  147  7:58  Roach  
  147  8:01  Zergling x8  
  147  8:03  Ravager  
  147  8:04  Roach  
  155  8:12  Zergling x6  
  150  8:15  Zergling x2  
  150  8:16  Zergling x4  
  146  8:20  Zergling x6  
  146  8:21  Overlord  
Tags
 
Add a new tag
Caveats
  • Supply blocks, unpowered buildings, or Contaminate may cause inaccurate times.
  • Supply counts are checked every 10 seconds.